LetsOutscumLuxidream, neutral female scurrid Tourist --- D@. ... LetsOutscumLuxidream the Rambler Experience level: 2 Strength: 14 Dexterity: 9 Constitution: 10 Intelligence: 14 Wisdom: 9 Charisma: 14 Health: 0(11) Energy: 5(5) Def: 0 Gold: 0 Moves: 105 Dungeon seed: e5vnLTwhSqrO0NVm Game ID: LetsOutscumLuxidream_1498227928 Your Inventory: Weapons a - 47 blessed rusty +2 darts (in quiver) Armor n - an uncursed +0 Hawaiian shirt (being worn) Comestibles b - 9 uncursed food rations c - 3 uncursed tripe rations Scrolls g - 4 uncursed scrolls of blank paper Potions e - an uncursed diluted potion of extra healing f - a blessed diluted potion of extra healing Wands j - a blessed wand of secret door detection (0:13) Tools h - an uncursed expensive camera (0:47) i - an uncursed credit card k - an uncursed oil lamp (0:1133) Spells and supernatural/magical abilities: Name Level Category Fail Memory W - pray for help -- divine ? -- Your skills at the end: Miscellaneous Skills wands [Basic] Weapon Skills dart [Basic] Spellcasting Skills Final Attributes: You were devoutly aligned. You saw invisible. You had infravision. You were very stealthy. You are dead. Vanquished creatures: 11 manes Voluntary challenges: You went without food. You did not adorn yourself with jewelry or accessories. You did not cause conflict. You were not invisible. You did not have reflection. You were not displaced. You were an atheist. You never hit with a wielded weapon. You did not use tools. You did not use plumbed fixtures. You read items or engraved 1 time, starting on turn 96. You never genocided any monsters. You never polymorphed an object. You never changed form. You used no wishes. You never split a pudding. You never wrote Elbereth's name. You never violated your personal moral code. Dungeon overview: The Dungeons of Doom: levels 1 to 28 Level 1 a fountain a long staircase Level 2 Level 3 Level 4 a long staircase Level 5 Level 6 Level 7 a fountain Level 8 Level 9 Level 10 Level 11 a fountain Level 12 Level 13 Level 14 Level 15 Level 16 Level 17 Level 18 a fountain Level 19 Level 20 Level 21 Level 22 Level 23 Level 24 Level 25 Level 26 Level 27 Level 28 <- You were here History has recorded: On T:1 you entered the Dungeons of Doom to retrieve the Amulet of Yendor! On T:4 you reached level 2 of The Dungeons of Doom. On T:6 you reached level 3 of The Dungeons of Doom. On T:8 you reached level 4 of The Dungeons of Doom. On T:10 you reached level 5 of The Dungeons of Doom. On T:13 you reached level 6 of The Dungeons of Doom. On T:15 you reached level 7 of The Dungeons of Doom. On T:17 you reached level 8 of The Dungeons of Doom. On T:19 you reached level 9 of The Dungeons of Doom. On T:22 you reached level 10 of The Dungeons of Doom. On T:24 you reached level 11 of The Dungeons of Doom. On T:26 you reached level 12 of The Dungeons of Doom. On T:28 you reached level 13 of The Dungeons of Doom. On T:31 you reached level 14 of The Dungeons of Doom. On T:33 you reached level 15 of The Dungeons of Doom. On T:35 you reached level 16 of The Dungeons of Doom. On T:35 you entered the Rogue tribute level. On T:37 you reached level 17 of The Dungeons of Doom. On T:40 you reached level 18 of The Dungeons of Doom. On T:42 you reached level 19 of The Dungeons of Doom. On T:44 you reached level 20 of The Dungeons of Doom. On T:46 you reached level 21 of The Dungeons of Doom. On T:49 you reached level 22 of The Dungeons of Doom. On T:51 you reached level 23 of The Dungeons of Doom. On T:68 you advanced to experience level 2. On T:94 you reached level 24 of The Dungeons of Doom. On T:98 you reached level 25 of The Dungeons of Doom. On T:100 you reached level 26 of The Dungeons of Doom. On T:103 you reached level 27 of The Dungeons of Doom. On T:105 you reached level 28 of The Dungeons of Doom. Score breakdown: Gold: 0 ( 0 points) Experience: 2 levels ( 100 points) Exploration: 28 levels ( 810 points) Discoveries: 3 items ( 150 points) Variety of kills: 1 monster ( 50 points) Major goal: (nothing yet) ( 0 points) Survival: died (score multiplied by 3) Total score: 3330 Latest messages: You dig a hole through the floor. You fall through... You start digging downward. You continue digging downward. You dig a pit in the floor. You continue digging downward. You dig a hole through the floor. You fall through... You start digging downward. You continue digging downward. You dig a pit in the floor. You continue digging downward. You dig a hole through the floor. You fall through... You start digging downward. You continue digging downward. You dig a pit in the floor. You continue digging downward. You dig a hole through the floor. You fall through... The young orange dragon bites! You die... Final status: Aloha LetsOutscumLuxidream the Tourist, killed by a young orange dragon... You died in The Dungeons of Doom on dungeon level 28 with 3330 points, and 0 pieces of gold, after 105 moves. You were level 2 with a maximum of 11 hit points when you died.